 Dungeon Crawl Stone Soup version 0.29.1-14-g9c671dbff4 (webtiles) character file.

Game seed: 6693646609992139782

25 hawla the Chiller (level 3, -11/26 HPs)
             Began as a Meteoran Ice Elementalist on Feb 12, 2023.
             Mangled by an ogre
             ... wielding a +0 giant club
              (12 damage)
             ... on level 4 of the Dungeon.
             The game lasted 00:01:32 (129 turns).

hawla the Chiller (Meteoran Ice Elementalist)        Turns: 129, Time: 00:01:34

Health: -11/26     AC:  2    Str:  9    XL:     3   Next: 38%
Magic:  2/8        EV: 12    Int: 18    God:
Gold:   35         SH:  0    Dex: 15    Spells: 4/8 levels left

rFire   . . .      SeeInvis .   (no weapon)
rCold   . . .      Faith    .   (no shield)
rNeg    . . .      Spirit   .   a - +0 robe
rPois   .          Reflect  .   (no helmet)
rElec   .          Harm     .   (no cloak)
rCorr   .          Rampage  .   (no gloves)
Will    .....                   (no boots)
Stlth   +.........              (no amulet)
HPRegen 0.08/turn               (no ring)
MPRegen 0.11/turn               (no ring)

@: freezing walls, glowing
A: sense surroundings 1, otherworldly, glowing, explore regen
a: no special abilities


You were on level 4 of the Dungeon.
You visited 1 branch of the dungeon, and saw 4 of its levels.

You collected 35 gold pieces.

Inventory:

Armour
 a - a +0 robe (worn)
Scrolls
 c - a scroll of identify {unknown}
 d - a scroll of noise {unknown}
Potions
 b - a potion of magic
 e - a potion of lignification {unknown}


   Skills:
 + Level 2.6 Dodging
 - Level 1.4 Stealth
 + Level 3.0 Spellcasting
 + Level 5.1 Ice Magic


You had 4 spell levels left.
You knew the following spells:

 Your Spells              Type           Power      Damage    Failure   Level
a - Freeze                Ice            84%        1d10      1%          1
b - Frozen Ramparts       Ice            42%        1d7       6%          3

Your spell library contained the following spells:

 Spells                   Type           Power      Damage    Failure   Level
 Ozocubu's Armour         Ice            21%        N/A       6%          3
 Hailstorm                Conj/Ice       12%        3d5       50%         4


Dungeon Overview and Level Annotations

Branches:
Dungeon (4/15) Zot: 2268
 Temple: D:4-7

Altars:


Innate Abilities, Weirdness & Mutations

You passively map a small area around you.
You are easily found by Zot.
You glow in the dark.
You regain HP and MP as you explore.


Message History

You climb downwards.
There is a stone staircase leading up, spattered with blood here.
Casting: Freeze (safe; 1% risk of failure)
Confirm with . or Enter, or press ? or * to list all spells.
The spell is quite dangerous to miscast (6% risk of failure)!
Continue anyway?
Casting: Frozen Ramparts (quite dangerous; 6% risk of failure)
Press: ? - help, Dir - look around, f - activate A stone staircase leading up, spattered with blood.
The walls around you are covered in ice.
The ball python hisses angrily.
The wall freezes the ogre.
Casting: Frozen Ramparts (quite dangerous; 6% risk of failure)
Confirm with . or Enter, or press ? or * to list all spells.
Aiming: Freeze (safe; 1% risk of failure)
Press: ? - help, Shift-Dir - straight line, f - ogre
Aim: an ogre, wielding a +0 giant club (lightly wounded)
You freeze the ogre.
The ogre is lightly wounded.
The wall freezes the ogre.
The ogre hits you with a +0 giant club!!
Ouch! That really hurt!
* * * LOW HITPOINT WARNING * * *
Casting: Freeze (safe; 1% risk of failure)
Confirm with . or Enter, or press ? or * to list all spells.
Aiming: Freeze (safe; 1% risk of failure)
Press: ? - help, Shift-Dir - straight line, f/p - ogre
Aim: an ogre, wielding a +0 giant club (moderately wounded)
You freeze the ogre!
The ogre is heavily wounded.
The wall freezes the ball python.
You kill the ball python!
Casting: Freeze (safe; 1% risk of failure)
Confirm with . or Enter, or press ? or * to list all spells.
Aiming: Freeze (safe; 1% risk of failure)
Press: ? - help, Shift-Dir - straight line, f/p - ogre
Aim: an ogre, wielding a +0 giant club (heavily wounded)
You freeze the ogre!
The ogre is almost dead.
The wall freezes the ogre.
The ogre hits you with a +0 giant club!
You die...

, ### ,, * #.#.. ....
, , #.#.# #..# * *
#.#.# #..#, * #S#.#
#..# #####.#.###..#
## * ..........#..#
.. , *
..####.#.#.#..#.#####
* ,
............O@..>....
, ,
....####...##.#.#####
* ., #...##.# # ,
#...##.#, , ,
##...#### *
,#.......# , ,
##.O.##.# , , #...#
,# #...#* * *


You could see an ogre.

Vanquished Creatures
  A gnoll (D:3)
  An adder (D:3)
  A dart slug (D:3)
  A ball python (D:4)
  A quokka (D:2)
  A kobold (D:2)
  A rat (D:3)
7 creatures vanquished.

Notes
Turn   | Place    | Note
-------+----------+-------------------------------------------
     0 | D:1      | hawla the Meteoran Ice Elementalist began the quest for the
                  | Orb.
     0 | D:1      | Reached XP level 1. HP: 14/14 MP: 5/5
     4 | D:2      | Found a faded altar of an unknown god.
    57 | D:3      | Reached XP level 2. HP: 17/20 MP: 4/6
    83 | D:3      | Reached skill level 5 in Ice Magic
    84 | D:3      | Reached XP level 3. HP: 19/26 MP: 2/8
   106 | D:4      | Noticed an ogre
   124 | D:3      | Learned a level 3 spell: Frozen Ramparts
   127 | D:4      | HP: 1/26 [ogre/+0 giant club (23)]
   129 | D:4      | Mangled by an ogre

Illustrated notes

Levels and vault maps discovered:
D:1:      amcnicky_arrival_blooded_trapdoor, layout_rooms, serial_shops,
          nicolae_shop_trees
D:2:      layout_rooms, serial_shops, shop_statue, nicolae_shop_hallway_stairs,
          basic_ecumenical_altar, dreamdust_wishing_well
D:3:      layout_basic, kennysheep_path_1, minmay_misc_feat_cross
D:4:      layout_basic, chequers_temple_overflow_statue_of_worship,
          nicolae_shop_sticking_my_neck_out

Skill      XL: |  1  2 |
---------------+-------+-----
Ice Magic      | 5 |  5.1
Spellcasting   | 3 |  3.0
Dodging        | |  2.6
Stealth        | |  1.4

Action                   || total
-------------------------++-------
Melee: Unarmed           ||     5
 Cast: Freeze            ||    13
       Frozen Ramparts   ||     1
Armor: Robe              ||     3
Dodge: Dodged            ||     4
